 Dungeon Crawl Stone Soup version 0.26.0-15-gc6cd9f700b (webtiles) character file.

Game seed: 2307405172982189692

45 trckry the Ruffian (level 3, -1/28 HPs)
             Began as a Draconian Transmuter on Jan 16, 2021.
             Slain by Robin
             ... wielding a +0 whip
              (4 damage)
             ... on level 2 of the Dungeon.
             The game lasted 00:02:00 (1636 turns).

trckry the Ruffian (Draconian Transmuter)           Turns: 1636, Time: 00:02:01

Health: -1/28      AC:  5    Str: 12    XL:     3   Next: 42%
Magic:  5/6        EV: 12    Int: 14    God:
Gold:   67         SH:  0    Dex: 17    Spells: 5/6 levels left

rFire    x . .     SeeInvis .     - Unarmed
rCold    + . .     Faith    .   (no shield)
rNeg     . . .     Spirit   .   (armour unavailable)
rPois    .         Reflect  .   (helmet currently unavailable)
rElec    .         Harm     .   (no cloak)
rCorr    .         Rampage  .   (no gloves)
Will     .....                  (boots currently unavailable)
Stlth    ++........             (no amulet)
HPRegen  0.09/turn              g - +6 ring of dexterity
MPRegen  0.10/turn              j - ring of ice

@: appendages
A: unfitting armour, horns 2, talons 2, cold-blooded, AC +5
a: End Transformation


You were on level 2 of the Dungeon.
You had grown temporary horns.
You had grown temporary talons.
You visited 1 branch of the dungeon, and saw 2 of its levels.

You collected 67 gold pieces.

Inventory:

Missiles
 f - 16 poisoned darts (quivered)
Jewellery
 g - a +6 ring of dexterity (left hand)
 j - a ring of ice (right hand)
Scrolls
 a - a scroll of identify {unknown}
 c - 2 scrolls of remove curse {unknown}
 e - a scroll of random uselessness {unknown}
 k - a scroll of teleportation {unknown}
 l - a scroll of magic mapping {unknown}
Potions
 b - a potion of might {unknown}
 d - a potion of degeneration {unknown}
 h - a potion of heal wounds {unknown}
 i - 2 potions of mutation {unknown}


   Skills:
 - Level 1.1 Fighting
 - Level 1.7 Dodging
 * Level 3.8 Unarmed Combat
 - Level 2.0 Spellcasting
 * Level 3.0 Transmutations


You had 5 spell levels left.
You knew the following spells:

 Your Spells              Type           Power        Failure   Level
a - Beastly Appendage     Tmut           20%          7%          1

Your spell library contained the following spells:

 Spells                   Type           Power        Failure   Level
 Wereblood                Tmut           10%          11%         2
 Spider Form              Tmut/Pois      2%           36%         3
 Ice Form                 Ice/Tmut       8%           77%         4
 Blade Hands              Tmut           5%           88%         5


Dungeon Overview and Level Annotations

Branches:
Dungeon (2/15)

Altars:

Annotations:
D:2 Robin


Innate Abilities, Weirdness & Mutations

Your plain brown scales are hard. (AC +5)
You cannot fit into any form of body armour.
You are cold-blooded and may be slowed by cold attacks.
You have a pair of horns on your head.
You have razor-sharp toenails.


Message History

You grow a pair of large bovine horns.
Your feet morph into talons.
The hobgoblin hits you but does no damage.
Your magical contamination has completely faded away.
You hit the hobgoblin.
You claw the hobgoblin, but do no damage.
Your headbutt misses the hobgoblin.
The hobgoblin is almost dead.
The hobgoblin hits you with a +0 club.
* * * LOW HITPOINT WARNING * * *
You hit the hobgoblin but do no damage. Your kick misses the hobgoblin.
You headbutt the hobgoblin.
You kill the hobgoblin!
You hit Robin. You claw Robin, but do no damage. You headbutt Robin!
Robin is severely wounded.
Robin hits you with a +0 whip.
* * * LOW HITPOINT WARNING * * *
You hit Robin but do no damage. You claw Robin.
Robin is severely wounded.
Robin hits you with a +0 whip.
You die...

#.#####)# ####.#
#....# # #.##.#
#.##.##.#
#.......# ####
####.#### ...####
#g# ......# #@#
...(..##########.#
.####.##......##.#
...##.##.##......#
.#.##.##.##<#.####
.#..........#.#
......##.####.#
########......#
########


You could see Robin.

Vanquished Creatures
  A dart slug (D:2)
  2 leopard geckos (D:1)
  4 bats (D:1)
  3 giant cockroaches (D:1)
  4 hobgoblins
  2 jackals (D:1)
  A frilled lizard (D:1)
  10 goblins
  6 kobolds (D:1)
  6 rats (D:1)
39 creatures vanquished.

Notes
Turn   | Place    | Note
-------+----------+-------------------------------------------
     0 | D:1      | trckry the Draconian Transmuter began the quest for the
                  | Orb.
     0 | D:1      | Reached XP level 1. HP: 16/16 MP: 3/3
     0 | D:1      | Noticed a felid
     0 | D:1      | Noticed a formicid
     1 | D:1      | Noticed a minotaur
     3 | D:1      | Noticed a troll
     3 | D:1      | Noticed a spriggan
     6 | D:1      | Noticed an elf
     7 | D:1      | Noticed a felid
     8 | D:1      | Noticed a spriggan
     9 | D:1      | Noticed a human
    11 | D:1      | Noticed a troll
    13 | D:1      | Noticed an octopode
    15 | D:1      | Noticed a centaur
    17 | D:1      | Noticed an elf
    17 | D:1      | Noticed a felid
    19 | D:1      | Noticed an ogre
   364 | D:1      | Reached XP level 2. HP: 8/23 MP: 5/5
  1317 | D:1      | Reached XP level 3. HP: 27/28 MP: 6/6
  1601 | D:2      | Noticed Robin
  1636 | D:2      | Slain by Robin

Illustrated notes

Levels and vault maps discovered:
D:1:      shiori_arrival_whats_in_store_for_you, layout_basic,
          chequers_serial_rivers_large_a
D:2:      layout_loops_cross, grunt_dithmenos_smoke, lemuel_round_altar,
          tgw_trog, uniq_robin

Skill      XL: |  1  2  3 |
---------------+----------+-----
Transmutations | 3 |  3.0
Fighting       | |  1.1
Dodging        | |  1.7
Unarmed Combat | |  3.8
Spellcasting   | |  2.0

Action                   || total
-------------------------++-------
Melee: Unarmed           ||   133
       Tailslap          ||    15
       Kick              ||     6
       Headbutt          ||     3
       Punch             ||     1
 Cast: Beastly Appendage ||     2
 Stab: Sleeping          ||     1
Armor: Skin              ||    41
Dodge: Dodged            ||    82
